 Dungeon Crawl Stone Soup version 0.28.0 (webtiles) character file.

Game seed: 3053441326288454489

296 sdsfil the Skirmisher (level 6, -1/55 HPs)
             Began as a Hill Orc Fighter on Feb 18, 2022.
             Was an Initiate of Sif Muna.
             Succumbed to a water moccasin's poison
             ... on level 4 of the Dungeon.
             The game lasted 00:17:45 (3974 turns).

sdsfil the Skirmisher (Hill Orc Fighter)            Turns: 3974, Time: 00:17:45

Health: -1/55      AC: 17    Str: 21    XL:     6   Next: 34%
Magic:  0/6        EV:  9    Int:  6    God:    Sif Muna [......]
Gold:   166        SH:  4    Dex: 10    Spells: 5/5 levels left

rFire   . . .      SeeInvis .   m - +0 flail (protect)
rCold   . . .      Faith    .   c - +0 buckler
rNeg    . . .      Spirit   +   b - +0 scale mail
rPois   .          Reflect  .   s - +2 helmet
rElec   .          Harm     .   (no cloak)
rCorr   .          Rampage  .   (no gloves)
Will    .....                   (no boots)
Stlth   ..........              n - amulet of guardian spirit
HPRegen 0.18/turn               t - ring of willpower
MPRegen 0.10/turn               (no ring)

@: lethally poisoned (-1 -> -17), weak-willed, under a protective aura
A: dopey 1
a: Renounce Religion, Convert to Beogh


You were on level 4 of the Dungeon.
You worshipped Sif Muna.
Sif Muna was noncommittal.
You visited 1 branch of the dungeon, and saw 4 of its levels.

You collected 166 gold pieces.

Inventory:

Hand Weapons
 a - a +0 war axe
 e - a +3 dagger
 m - a +0 flail of protection (weapon)
Missiles
 u - a silver boomerang (quivered)
Armour
 b - a +0 scale mail (worn)
 c - a +0 buckler (worn)
 s - a +2 helmet (worn)
Jewellery
 n - an amulet of guardian spirit (around neck)
 t - a ring of willpower (left hand)
Wands
 q - a wand of flame (20)
Scrolls
 g - a scroll of identify
 h - 2 scrolls of immolation {unknown}
 o - a scroll of fear {unknown}
 v - 2 scrolls of vulnerability
Potions
 d - a potion of might
 f - 4 potions of haste {unknown}
 i - a potion of brilliance {unknown}
 j - a potion of curing {unknown}
 k - 2 potions of mutation
 l - a potion of resistance {unknown}
 p - a potion of degeneration {unknown}
 r - a potion of berserk rage {unknown}


   Skills:
 + Level 4.9 Fighting
 - Level 1.4 Short Blades
 + Level 2.8(4.1) Axes
 * Level 3.8(4.1) Maces & Flails
 + Level 4.5 Armour
 - Level 0.2 Dodging
 + Level 4.0 Shields


You had 5 spell levels left.
You didn't know any spells.
Your spell library was empty.

Dungeon Overview and Level Annotations

Branches:
Dungeon (4/15)
 Temple: D:4-7

Altars:
Sif Muna
Uskayaw

Shops:
D:2 ?


Innate Abilities, Weirdness & Mutations

You are dopey. (Int -2)


Message History

The quokka bites you but does no damage.
The water moccasin bites you but does no damage.
You hit the water moccasin.
The water moccasin is moderately wounded.
The orc priest hits you with a +3 whip. The orc wizard closely misses you.
The quokka barely misses you. The water moccasin bites you!
You block the orc priest's attack.
You hit the water moccasin.
The water moccasin is moderately wounded.
The water moccasin bites you but does no damage.
The quokka bites you but does no damage.
The orc wizard hits you with a +0 dagger.
The orc priest calls down the wrath of Beogh upon you.
Beogh smites you!
* * * LOW HITPOINT WARNING * * *
The water moccasin bites you but does no damage.
The orc priest hits you with a +3 whip.
* * * LOW HITPOINT WARNING * * *
The quokka bites you but does no damage.
You block the orc wizard's attack.
As you read the scroll labelled EJEGUMP HAIN, it crumbles to dust.
It is a scroll of identify.
k - 3 potions of mutation The water moccasin bites you but does no damage.
The quokka barely misses you. The orc priest closely misses you.
The orc wizard hits you with a +0 dagger.
You feel extremely strange.
You feel stupid. The water moccasin bites you.
* * * LOW HITPOINT WARNING * * *
You block the quokka's attack.
The orc priest shouts, "Join the one true god or die!"
The orc priest hits you but does no damage.
The water moccasin bites you.
* * * LOW HITPOINT WARNING * * *
You are lethally poisoned!
The water moccasin poisons you! The orc wizard misses you.
As you read the scroll labelled ZAEGGO PAOFF, it crumbles to dust.
Magic quickly surges around you.
It was a scroll of vulnerability.
You die...

..............#
..............#
..............#
..............#
..............#
......owo.....#
.....orooo...#
#@So.># #######


You could see a water moccasin (weak-willed), 2 orc priests, an orc wizard
(weak-willed), a dart slug (weak-willed), 4 orcs and a quokka (weak-willed).

Vanquished Creatures
  A hound (D:2)
  2 orc priests (D:3)
  Terence (D:2)
  Jessica (D:2)
  Natasha (D:1)
  An orc wizard (D:4)
  Robin (D:2)
  2 adders
  4 worms
  7 orcs (D:3)
  5 ball pythons
  5 bats
  An endoplasm (D:2)
  3 giant cockroaches
  12 goblins
  6 hobgoblins
  2 jackals (D:1)
  A quokka (D:2)
  2 frilled lizards
  6 kobolds
  2 rats
66 creatures vanquished.

Notes
Turn   | Place    | Note
-------+----------+-------------------------------------------
     0 | D:1      | sdsfil the Hill Orc Fighter began the quest for the Orb.
     0 | D:1      | Reached XP level 1. HP: 19/19 MP: 1/1
   195 | D:1      | Found a faded altar of an unknown god.
   234 | D:1      | Prayed at the altar of an unknown god.
   234 | D:1      | Became a worshipper of Uskayaw the Reveller
   234 | D:1      | Reached * piety under Uskayaw
   246 | D:1      | Reached ** piety under Uskayaw
   251 | D:1      | Reached *** piety under Uskayaw
   252 | D:1      | Reached XP level 2. HP: 24/27 MP: 2/2
   848 | D:2      | Found Mawk's Magic Scroll Emporium.
   891 | D:2      | Reached **** piety under Uskayaw
   892 | D:2      | Reached skill level 1 in Short Blades
   892 | D:2      | Reached XP level 3. HP: 16/34 MP: 3/3
  1072 | D:2      | Noticed Terence
  1379 | D:2      | Killed Terence
  1380 | D:2      | Reached XP level 4. HP: 13/41 MP: 4/4
  2224 | D:2      | Noticed Natasha
  2224 | D:2      | Noticed Robin
  2254 | D:1      | Killed Natasha
  2255 | D:1      | Reached skill level 1 in Maces & Flails
  2255 | D:1      | Reached XP level 5. HP: 28/47 MP: 5/5
  2473 | D:2      | Noticed Jessica
  2491 | D:2      | Killed Robin
  2506 | D:2      | Killed Jessica
  3228 | D:3      | Reached XP level 6. HP: 42/55 MP: 4/6
  3515 | D:3      | Found a shimmering blue altar of Sif Muna.
  3524 | D:3      | Fell from the grace of Uskayaw
  3524 | D:3      | Became a worshipper of Sif Muna the Loreminder
  3959 | D:4      | Noticed a water moccasin
  3973 | D:4      | Gained mutation: You are dopey. (Int -2) [potion of
                  | mutation]
  3974 | D:4      | Succumbed to a water moccasin's poison

Illustrated notes

Levels and vault maps discovered:
D:1:      zelgadis_glass_arrival_small, layout_loops_cross,
          basic_ecumenical_altar
D:2:      layout_basic, serial_shops, shop, kennysheep_generic_room_13,
          uniq_terence, uniq_natasha, uniq_jessica, uniq_robin
D:3:      cheibrodos_pilgrimage, layout_basic, nicolae_sif_muna_little_library
D:4:      layout_rooms, minmay_temple_entry_offerings,
          cheibrodos_sewer_entry_bend

Skill      XL: |  1  2  3  4  5 |
---------------+----------------+-----
Fighting       | 4 |  4.9
Short Blades   | 1 |  1.4
Armour         | 4 |  4.5
Maces & Flails | 1 3 |  3.8
Shields        | 4 |  4.0
Axes           | |  2.8
Dodging        | |  0.2

Action                   |  1- 3 |  4- 6 || total
-------------------------+-------+-------++-------
Melee: Dagger            |    98 |     7 ||   105
       Flail             |       |   173 ||   173
  Use: Scroll            |       |     2 ||     2
       Potion            |       |     1 ||     1
 Stab: Paralysed         |       |     1 ||     1
Armor: Scale mail        |    41 |   126 ||   167
Dodge: Dodged            |    42 |    89 ||   131
Block: Buckler           |    21 |    52 ||    73
